AoeStats
← jugi

Four Lakes

509937693Analyzed
1v1 RM · 2d ago on Sep 28, 2026· 31m 50s· 2 players
Game mode
Random Map
Map size
Tiny (2 player)
Population
200
Speed
Normal
Resources
Standard
Victory
Conquest
Starting age
Dark Age
Ending age
Imperial Age
RankedLock teamsTeams togetherTeam positionsShared explorationLock speedFull tech treeHidden civsTurbo modeCheats
Victory
Defeat
1282
+13
🇭🇺 Spanish · Hungary
1213
-13
DK_Vamos Jefe de Equipo
6:47 Loom
9:38 Feudal Age
10:10 Double-Bit Axe
16:32 Wheelbarrow
19:51 Castle Age
18:09 Horse Collar
18:48 Bloodlines
19:08 Scale Barding Armor
19:14 Forging
20:50 Bow Saw
22:53 Light Cavalry
26:07 Chain Barding Armor
26:26 Husbandry
27:49 Iron Casting
31:41 Imperial Age
31:30 Stone Mining
31:31 Gold Mining
jugi
5:04 Loom
11:58 Feudal Age
16:42 Castle Age
20:46 Horse Collar
20:52 Double-Bit Axe
21:09 Pikeman
22:32 Husbandry
29:48 Bow Saw
Connection lost

Rejoining the realm…

Still unreachable

The connection could not be restored.

Session expired

The server has moved on; the page needs a fresh start.